 Seeded DCSS version 0.27.1-4-g1640c2035a (webtiles) character file.

Game seed: 20211105 (custom seed)

19 jessy the Skirmisher (level 2, 0/25 HPs)
             Began as a Barachi Fighter on Nov 5, 2021.
             Slain by a ball python (1 damage)
             ... on level 1 of the Dungeon.
             The game lasted 00:01:42 (659 turns).

jessy the Skirmisher (Barachi Fighter)               Turns: 659, Time: 00:01:43

Health: 0/25       AC:  7    Str: 17    XL:     2   Next: 75%
Magic:  2/2        EV:  4    Int:  8    God:
Gold:   39         SH:  9    Dex: 11    Spells: 1/1 levels left

rFire    . . .     SeeInvis .   a - +0 long sword
rCold    . . .     Faith    .   c - +0 kite shield
rNeg     . . .     Spirit   .   b - +0 scale mail
rPois    .         Reflect  .   (no helmet)
rElec    .         Harm     .   (no cloak)
rCorr    .         Rampage  .   (no gloves)
Will     .....                  (no boots)
Stlth    ..........             (no amulet)
HPRegen  0.08/turn              (no ring)
MPRegen  0.08/turn              (no ring)

@: mighty, constricted, slow
A: amphibious, slowness 1, strong legs 1, +LOS
a: Hop


You were on level 1 of the Dungeon.
You visited 1 branch of the dungeon, and saw 1 of its levels.

You collected 39 gold pieces.

Inventory:

Hand Weapons
 a - a +0 long sword (weapon)
Missiles
 e - a throwing net
Armour
 b - a +0 scale mail (worn)
 c - a +0 kite shield (worn)


   Skills:
 + Level 3.9 Fighting
 + Level 2.7 Long Blades
 + Level 3.9 Armour
 + Level 0.5 Dodging
 + Level 3.5 Shields


You had one spell level left.
You didn't know any spells.
Your spell library was empty.

Dungeon Overview and Level Annotations

Branches:
Dungeon (1/15)

Altars:


Innate Abilities, Weirdness & Mutations

You are amphibious.
You cover ground slowly.
You can hop short distances.
You have an extended range of vision and can be seen from far away.


Message History

The jackal bites you.
The ball python bites you but does no damage.
The ball python constricts you. The jackal barely misses you.
The ball python's grasp on you weakens, but your attempt to escape fails.
You block the giant cockroach's attack.
The jackal bites you but does no damage.
The jackal bites you. x2
The ball python bites you but does no damage.
The ball python constricts you. The giant cockroach bites you.
You slash the giant cockroach!
You kill the giant cockroach!
You block the jackal's attack. x2; The jackal barely misses you.
The ball python bites you.
* * * LOW HITPOINT WARNING * * *
The ball python constricts you. The jackal bites you.
* * * LOW HITPOINT WARNING * * *
The jackal barely misses you.
The jackal bites you but does no damage.
The ball python completely misses you. The ball python constricts you.
* * * LOW HITPOINT WARNING * * *
An endoplasm comes into view.
You escape the ball python's grasp.
The jackal bites you but does no damage. x2
You block the jackal's attack. The jackal barely misses you.
You block the jackal's attack.
The jackal stops to sniff the ground.
The jackal bites you but does no damage.
You block the ball python's attack. The ball python grabs you.
The ball python constricts you.
* * * LOW HITPOINT WARNING * * *
You block the jackal's attack.
The jackal bites you but does no damage.
The jackal bites you.
* * * LOW HITPOINT WARNING * * *
You barely miss the ball python. You block the ball python's attack.
The ball python constricts you.
* * * LOW HITPOINT WARNING * * *
The jackal bites you but does no damage. x3
The ball python bites you.
You die...

.. .... B. .... ...# .....
#..##########.....
..#....##h.........
#...J...@h.........
###########....Sh.........
##.......#.........†.....##
#..........#.#.#.........#
#........##....#.........#
#........†.......#.....###
#......#########....##.....
##..#......# ###...........
#..#......................


You could see an endoplasm, 3 jackals and a ball python.

Vanquished Creatures
  A ball python (D:1)
  3 endoplasms (D:1)
  2 giant cockroaches (D:1)
  A hobgoblin (D:1)
  A jackal (D:1)
  3 kobolds (D:1)
  5 bats (D:1)
  A frilled lizard (D:1)
  A rat (D:1)
18 creatures vanquished.

Notes
Turn   | Place    | Note
-------+----------+-------------------------------------------
     0 | D:1      | jessy the Barachi Fighter began the quest for the Orb.
     0 | D:1      | Reached XP level 1. HP: 18/18 MP: 1/1
    62 | D:1      | Reached XP level 2. HP: 8/25 MP: 2/2
   659 | D:1      | HP: 1/25 [constriction (1)]
   659 | D:1      | Slain by a ball python

Illustrated notes

Levels and vault maps discovered:
D:1:      lordsloth_arrival_two_stooges, layout_rooms

Action                   || total
-------------------------++-------
Melee: Long sword        ||    45
  Use: Potion            ||     3
Armor: Scale mail        ||   103
Dodge: Dodged            ||    50
Block: Kite shield       ||    68
       Rpst.: Long sword ||    15
